[ PARTIDA AOE2 · #495966016 ]
UnrankedBengalíes vs Magyars
Equipo del jugador · VICT
Equipo rival · DERR
[ ANÁLISIS DE REPETICIÓN · EXTRAÍDO DE LA PARTIDA GRABADA ]
Feudal
8:57
Castillos
26:31
Imperial
37:28
| APM promedio | 42.2 |
| APM pico | 109 |
| eAPM promedio | 21.4 |
| Aldeanos / militares | 120 / 148 |
Foco
⚔️ 33.4% · 🌾 66.6%
Militia ×68 · Ratha (Ranged) ×27 · Spearman ×17 · Archer ×16 · Elephant Archer ×14 · Trebuchet (Packed) ×4
Feudal
9:16
Castillos
24:11
Imperial
42:09
| APM promedio | 47.9 |
| APM pico | 88 |
| eAPM promedio | 18.2 |
| Aldeanos / militares | 102 / 72 |
Foco
⚔️ 44.0% · 🌾 56.0%
Cavalry Archer ×31 · Scout Cavalry ×16 · Skirmisher ×12 · Monk ×4 · Knight ×4 · Militia ×3
Mapa de la partida
Recursos iniciales + cada clic de construcción. Líneas = muros · curvas = relieve. ◆ oro · ⬟ piedra · ● bayas · ✦ reliquia · ◌ hueco del cierre
Tu base· ✓ Cerrada en 26:31 · 59t muro · 2 puerta(s)
Base de 雪碧/精銳風鈴草*· Abierta — flanco sin cerrar
Terreno inicial suavizado · ◌ = hueco del cierre detectado · pasá el cursor para detalles
Inputs por minuto
— DLucky3544 - - 雪碧/精銳風鈴草*
Build order — DLucky3544
Primeras 150 de 367 acciones detectadas
| 0:02 | Crear | Villager (Male) |
| 0:02 | Crear | Villager (Male) |
| 0:02 | Crear | Villager (Male) |
| 0:02 | Crear | Villager (Male) |
| 0:04 | Construir | House |
| 0:07 | Construir | House |
| 1:25 | Crear | Villager (Male) |
| 1:59 | Crear | Villager (Male) |
| 2:32 | Crear | Villager (Male) |
| 2:40 | Crear | Villager (Male) |
| 3:21 | Crear | Villager (Male) |
| 3:21 | Crear | Villager (Male) |
| 3:27 | Construir | House |
| 3:45 | Construir | Mill |
| 3:52 | Crear | Villager (Male) |
| 4:11 | Crear | Villager (Male) |
| 4:11 | Crear | Villager (Male) |
| 4:38 | Crear | Villager (Male) |
| 5:16 | Crear | Villager (Male) |
| 5:27 | Crear | Villager (Male) |
| 5:28 | Crear | Villager (Male) |
| 5:50 | Investigar | Loom |
| 6:04 | Construir | Lumber Camp |
| 6:45 | Investigar | Feudal Age |
| 6:45 | Investigar | Feudal Age |
| 6:52 | Construir | House |
| 6:55 | Construir | Palisade Wall |
| 7:24 | Construir | House |
| 7:27 | Construir | Palisade Wall |
| 8:08 | Construir | House |
| 8:42 | Construir | Barracks |
| 8:50 | Construir | House |
| 8:55 | Construir | Palisade Wall |
| 8:57 | Edad | Edad Feudal |
| 9:00 | Crear | Villager (Male) |
| 9:09 | Construir | Mining Camp |
| 9:14 | Construir | Palisade Wall |
| 9:26 | Construir | House |
| 9:38 | Crear | Villager (Male) |
| 9:39 | Crear | Villager (Male) |
| 9:58 | Crear | Spearman |
| 10:19 | Construir | Archery Range |
| 10:23 | Construir | Palisade Wall |
| 10:26 | Crear | Villager (Male) |
| 10:26 | Crear | Villager (Male) |
| 10:31 | Construir | House |
| 10:33 | Construir | Palisade Wall |
| 10:39 | Construir | Palisade Gate |
| 10:48 | Construir | House |
| 10:54 | Crear | Villager (Male) |
| 11:05 | Construir | House |
| 11:17 | Crear | Archer |
| 11:26 | Crear | Villager (Male) |
| 11:27 | Crear | Villager (Male) |
| 11:27 | Crear | Villager (Male) |
| 11:27 | Crear | Villager (Male) |
| 11:30 | Crear | Archer |
| 11:35 | Construir | House |
| 11:46 | Construir | Mill |
| 11:58 | Crear | Archer |
| 12:18 | Investigar | Double-Bit Axe |
| 12:19 | Crear | Villager (Male) |
| 12:45 | Crear | Archer |
| 13:47 | Construir | Farm |
| 13:47 | Construir | Farm |
| 13:48 | Construir | Farm |
| 13:48 | Construir | Farm |
| 13:51 | Investigar | Horse Collar |
| 13:51 | Investigar | Horse Collar |
| 13:56 | Crear | Archer |
| 13:56 | Crear | Archer |
| 14:18 | Construir | Farm |
| 14:24 | Crear | Villager (Male) |
| 14:47 | Construir | Farm |
| 14:53 | Crear | Villager (Male) |
| 14:56 | Crear | Archer |
| 15:13 | Construir | Palisade Gate |
| 15:14 | Construir | House |
| 15:16 | Crear | Villager (Male) |
| 15:26 | Crear | Archer |
| 15:42 | Crear | Villager (Male) |
| 15:49 | Construir | Blacksmith |
| 15:50 | Crear | Villager (Male) |
| 16:40 | Crear | Villager (Male) |
| 16:40 | Crear | Villager (Male) |
| 16:40 | Crear | Villager (Male) |
| 16:41 | Crear | Villager (Male) |
| 16:51 | Crear | Villager (Male) |
| 16:52 | Crear | Villager (Male) |
| 16:52 | Crear | Villager (Male) |
| 16:56 | Construir | House |
| 16:57 | Construir | Lumber Camp |
| 17:04 | Construir | Palisade Wall |
| 17:07 | Construir | Palisade Wall |
| 17:09 | Crear | Villager (Male) |
| 17:11 | Construir | Farm |
| 17:11 | Construir | Farm |
| 17:17 | Crear | Spearman |
| 17:19 | Crear | Archer |
| 17:27 | Crear | Villager (Male) |
| 17:40 | Crear | Spearman |
| 17:58 | Crear | Archer |
| 17:58 | Crear | Archer |
| 18:26 | Crear | Spearman |
| 18:41 | Crear | Spearman |
| 18:46 | Construir | Palisade Wall |
| 18:47 | Construir | Palisade Wall |
| 18:49 | Construir | Palisade Wall |
| 18:58 | Crear | Villager (Male) |
| 18:58 | Crear | Villager (Male) |
| 19:04 | Crear | Spearman |
| 19:13 | Construir | Farm |
| 19:14 | Crear | Villager (Male) |
| 19:17 | Crear | Archer |
| 19:17 | Crear | Archer |
| 19:18 | Crear | Archer |
| 19:28 | Investigar | Fletching |
| 19:38 | Crear | Villager (Male) |
| 19:46 | Construir | Palisade Wall |
| 19:52 | Construir | Palisade Wall |
| 20:04 | Construir | Palisade Wall |
| 20:27 | Crear | Villager (Male) |
| 20:27 | Crear | Villager (Male) |
| 20:29 | Construir | Farm |
| 20:29 | Construir | Farm |
| 20:33 | Construir | Lumber Camp |
| 20:42 | Crear | Spearman |
| 20:43 | Crear | Spearman |
| 20:52 | Construir | Palisade Wall |
| 21:06 | Crear | Villager (Male) |
| 21:12 | Investigar | Wheelbarrow |
| 21:27 | Construir | Mill |
| 21:28 | Construir | Farm |
| 21:28 | Construir | Farm |
| 21:28 | Construir | Farm |
| 21:28 | Construir | Farm |
| 21:29 | Construir | Farm |
| 21:36 | Construir | Farm |
| 21:36 | Construir | Farm |
| 21:36 | Construir | Farm |
| 21:37 | Construir | Farm |
| 21:50 | Crear | Archer |
| 21:50 | Crear | Archer |
| 22:15 | Construir | Mining Camp |
| 22:28 | Construir | Farm |
| 22:55 | Crear | Villager (Male) |
| 23:02 | Construir | House |
| 23:04 | Construir | House |
| 23:15 | Construir | Farm |
| 23:51 | Investigar | Castle Age |
Build order — 雪碧/精銳風鈴草*
Primeras 150 de 299 acciones detectadas
| 0:01 | Crear | Villager (Male) |
| 0:02 | Crear | Villager (Male) |
| 0:02 | Crear | Villager (Male) |
| 0:02 | Crear | Villager (Male) |
| 0:02 | Crear | Villager (Male) |
| 0:03 | Construir | House |
| 0:05 | Construir | House |
| 1:28 | Crear | Villager (Male) |
| 2:00 | Crear | Villager (Male) |
| 2:07 | Construir | Lumber Camp |
| 2:24 | Crear | Villager (Male) |
| 2:24 | Crear | Villager (Male) |
| 2:52 | Crear | Villager (Male) |
| 2:52 | Crear | Villager (Male) |
| 3:25 | Crear | Villager (Male) |
| 3:50 | Construir | House |
| 4:04 | Crear | Villager (Male) |
| 4:04 | Crear | Villager (Male) |
| 5:05 | Crear | Villager (Male) |
| 5:05 | Crear | Villager (Male) |
| 5:11 | Construir | Barracks |
| 5:15 | Crear | Villager (Male) |
| 5:16 | Crear | Villager (Male) |
| 6:04 | Investigar | Loom |
| 6:25 | Construir | House |
| 7:06 | Investigar | Feudal Age |
| 7:09 | Construir | Mining Camp |
| 7:21 | Crear | Militia |
| 7:46 | Crear | Militia |
| 8:00 | Crear | Militia |
| 8:21 | Crear | Villager (Male) |
| 9:07 | Crear | Villager (Male) |
| 9:16 | Edad | Edad Feudal |
| 9:16 | Investigar | Man-at-Arms (upgrade) |
| 9:28 | Construir | Stable |
| 9:30 | Crear | Villager (Male) |
| 9:51 | Crear | Villager (Male) |
| 10:07 | Crear | Villager (Male) |
| 10:09 | Construir | House |
| 10:18 | Crear | Villager (Male) |
| 10:23 | Construir | Mill |
| 10:25 | Crear | Scout Cavalry |
| 10:43 | Construir | House |
| 11:01 | Crear | Scout Cavalry |
| 11:07 | Crear | Villager (Male) |
| 11:17 | Construir | House |
| 11:22 | Investigar | Double-Bit Axe |
| 11:29 | Crear | Scout Cavalry |
| 11:42 | Crear | Scout Cavalry |
| 11:47 | Crear | Villager (Male) |
| 11:47 | Crear | Villager (Male) |
| 11:55 | Construir | House |
| 12:12 | Crear | Villager (Male) |
| 12:43 | Crear | Villager (Male) |
| 12:47 | Construir | Farm |
| 12:59 | Crear | Villager (Male) |
| 13:02 | Construir | Farm |
| 13:07 | Construir | House |
| 13:40 | Crear | Villager (Male) |
| 13:43 | Construir | Farm |
| 13:51 | Construir | Farm |
| 13:54 | Investigar | Horse Collar |
| 13:56 | Construir | Farm |
| 13:57 | Construir | Farm |
| 14:01 | Construir | House |
| 14:03 | Construir | Farm |
| 14:16 | Construir | Stable |
| 14:23 | Crear | Villager (Male) |
| 14:32 | Construir | Farm |
| 14:40 | Construir | Farm |
| 14:44 | Construir | House |
| 14:49 | Construir | House |
| 14:51 | Construir | Palisade Wall |
| 14:52 | Crear | Villager (Male) |
| 14:54 | Crear | Scout Cavalry |
| 15:06 | Construir | Farm |
| 15:12 | Crear | Scout Cavalry |
| 15:17 | Crear | Villager (Male) |
| 15:21 | Construir | Farm |
| 15:22 | Crear | Scout Cavalry |
| 15:27 | Construir | House |
| 15:40 | Crear | Scout Cavalry |
| 15:53 | Construir | Farm |
| 15:58 | Crear | Scout Cavalry |
| 16:00 | Crear | Villager (Male) |
| 16:24 | Crear | Scout Cavalry |
| 16:28 | Construir | House |
| 16:29 | Construir | House |
| 16:44 | Crear | Villager (Male) |
| 16:52 | Crear | Scout Cavalry |
| 16:53 | Crear | Scout Cavalry |
| 17:19 | Crear | Villager (Male) |
| 17:27 | Construir | Farm |
| 17:27 | Construir | Farm |
| 17:28 | Construir | Farm |
| 17:34 | Crear | Villager (Male) |
| 17:50 | Construir | Blacksmith |
| 17:54 | Construir | Farm |
| 17:59 | Construir | Farm |
| 18:28 | Crear | Scout Cavalry |
| 18:28 | Crear | Scout Cavalry |
| 18:44 | Crear | Villager (Male) |
| 19:00 | Crear | Villager (Male) |
| 19:01 | Crear | Scout Cavalry |
| 19:01 | Crear | Scout Cavalry |
| 19:43 | Crear | Villager (Male) |
| 19:45 | Construir | Archery Range |
| 19:57 | Investigar | Wheelbarrow |
| 20:10 | Crear | Villager (Male) |
| 20:14 | Construir | Market |
| 20:56 | Construir | Farm |
| 20:58 | Crear | Skirmisher |
| 21:00 | Crear | Skirmisher |
| 21:05 | Investigar | Fletching |
| 21:05 | Investigar | Padded Archer Armor |
| 21:31 | Investigar | Castle Age |
| 21:32 | Investigar | Castle Age |
| 22:23 | Investigar | Gold Mining |
| 23:09 | Investigar | Scale Barding Armor |
| 23:14 | Investigar | Bloodlines |
| 23:49 | Construir | Lumber Camp |
| 24:11 | Edad | Edad de los Castillos |
| 24:14 | Investigar | Chain Barding Armor |
| 24:16 | Investigar | Husbandry |
| 24:35 | Crear | Villager (Male) |
| 24:51 | Investigar | Light Cavalry (upgrade) |
| 25:14 | Crear | Villager (Male) |
| 25:20 | Crear | Villager (Male) |
| 26:05 | Construir | Town Center |
| 26:18 | Crear | Villager (Male) |
| 26:27 | Construir | Town Center |
| 26:29 | Investigar | Bow Saw |
| 26:35 | Crear | Villager (Male) |
| 26:44 | Crear | Villager (Male) |
| 26:52 | Crear | Villager (Male) |
| 27:04 | Crear | Villager (Male) |
| 27:22 | Crear | Villager (Male) |
| 27:46 | Crear | Villager (Male) |
| 27:48 | Construir | Farm |
| 27:57 | Crear | Villager (Male) |
| 28:08 | Crear | Villager (Male) |
| 28:10 | Crear | Villager (Male) |
| 28:11 | Construir | Farm |
| 28:13 | Crear | Villager (Male) |
| 28:33 | Crear | Villager (Male) |
| 28:41 | Construir | Monastery |
| 28:43 | Crear | Villager (Male) |
| 28:46 | Investigar | Fletching |
| 28:47 | Investigar | Padded Archer Armor |
| 28:50 | Crear | Villager (Male) |
Cronología de la partida
| 5:11 | 雪碧/精銳風鈴草* · first_building Barracks |
| 6:55 | DLucky3544 · wall_segment Palisade Wall x6 |
| 7:27 | DLucky3544 · wall_segment Palisade Wall x5 |
| 8:42 | DLucky3544 · first_building Barracks |
| 8:55 | DLucky3544 · wall_segment Palisade Wall x3 |
| 8:57 | DLucky3544 · age_up feudal |
| 9:14 | DLucky3544 · wall_segment Palisade Wall x9 |
| 9:16 | 雪碧/精銳風鈴草* · age_up feudal |
| 9:28 | 雪碧/精銳風鈴草* · first_building Stable |
| 10:19 | DLucky3544 · first_building Archery Range |
| 10:23 | DLucky3544 · wall_segment Palisade Wall x1 |
| 10:33 | DLucky3544 · wall_segment Palisade Wall x1 |
| 14:51 | 雪碧/精銳風鈴草* · wall_segment Palisade Wall x1 |
| 17:04 | DLucky3544 · wall_segment Palisade Wall x9 |
| 17:07 | DLucky3544 · wall_segment Palisade Wall x17 |
| 18:46 | DLucky3544 · wall_segment Palisade Wall x1 |
| 18:47 | DLucky3544 · wall_segment Palisade Wall x1 |
| 18:49 | DLucky3544 · wall_segment Palisade Wall x1 |
| 19:45 | 雪碧/精銳風鈴草* · first_building Archery Range |
| 19:46 | DLucky3544 · wall_segment Palisade Wall x1 |
| 19:52 | DLucky3544 · wall_segment Palisade Wall x1 |
| 20:04 | DLucky3544 · wall_segment Palisade Wall x4 |
| 20:52 | DLucky3544 · wall_segment Palisade Wall x1 |
| 21:21 | 雪碧/精銳風鈴草* · first_market_sell 100 wood |
| 21:22 | 雪碧/精銳風鈴草* · first_market_buy 100 food |
| 24:11 | 雪碧/精銳風鈴草* · age_up castle |
| 26:31 | DLucky3544 · age_up castle |
| 28:37 | DLucky3544 · wall_segment Palisade Wall x1 |
| 28:41 | 雪碧/精銳風鈴草* · first_building Monastery |
| 28:59 | DLucky3544 · wall_segment Palisade Wall x1 |
| 29:43 | DLucky3544 · wall_segment Palisade Wall x1 |
| 31:19 | DLucky3544 · wall_segment Palisade Wall x1 |
| 32:14 | DLucky3544 · first_building Monastery |
| 36:48 | DLucky3544 · first_building Castle |
| 37:28 | DLucky3544 · age_up imperial |
| 40:22 | 雪碧/精銳風鈴草* · first_building Castle |
| 41:54 | DLucky3544 · first_market_buy 100 wood |
| 42:09 | 雪碧/精銳風鈴草* · age_up imperial |
| 45:30 | DLucky3544 · first_building Stable |
| 47:47 | DLucky3544 · first_market_sell 100 food |
| 48:35 | 雪碧/精銳風鈴草* · resign |
[ ANÁLISIS IA · 1 CRÉDITO ]
¿Qué pasó realmente en esta partida?
Wolo.gg analiza cada decisión: build order, eco, micro, errores típicos por bracket. Análisis personalizado por WhatsApp o Discord en 30 segundos.
Guía civ
Bengalíes
Perfil
DLucky3544